 Dungeon Crawl Stone Soup version 0.29.1-1-gd02db6906a (webtiles) character file.

Game seed: 5619317834384378718

718493 Ijustatesigmund the Honourless (level 27, -4/186 HPs)
             Began as a Gargoyle Fighter on Sept 26, 2022.
             Was the Champion of the Shining One (penitent).
             Slain by a bennu (9 damage)
             ... on level 3 of the Tomb of the Ancients on Sept 27, 2022.
             The game lasted 03:47:58 (73812 turns).

Ijustatesigmund the Honourless (Gargoyle Fighter)  Turns: 73812, Time: 03:48:02

Health: -4/186     AC: 49    Str: 28 (30) XL:     27
Magic:  27/40      EV: 17    Int: 19      God:    the Shining One [******]
Gold:   7578       SH: 21    Dex: 11 (14) Spells: 24/40 levels left

rFire   + + +      SeeInvis .   J - +9 sacred scourge (holy)
rCold   + . .      Faith    .   c - +0 tower shield "Xitucow" {Dex+3}
rNeg    + + +      Spirit   .   o - +5 fire dragon scales
rPois   ∞          Reflect  .   l - +2 helmet
rElec   +          Harm     .   X - scarf {repulsion}
rCorr   +          Rampage  +   Z - +2 pair of gloves {Str+3}
Will    +++..                   R - +2 pair of boots {rampage}
Stlth   ..........              e - amulet of regeneration
HPRegen 1.21/turn               n - +4 ring of slaying
MPRegen 0.27/turn               D - ring "Mullih" {EV+4 Int+5}

@: about to teleport, resistant, marked, wereblooded, flying, hasted (expiring),
studying Throwing, repel missiles, very quick
A: sickness immunity, AC +20, big wings, negative energy resistance 1,
electricity resistance, torment resistance 1, petrification resistance, cold
resistance 1, strong-willed 1
}: 6/15 runes: decaying, slimy, silver, obsidian, bone, gossamer
a: Renounce Religion


You were on level 3 of the Tomb of the Ancients.
You worshipped the Shining One.
The Shining One was demanding penance.
You visited 15 branches of the dungeon, and saw 67 of its levels.
You visited 1 bazaar.
You also visited: Ice Cave.

You collected 10219 gold pieces.
You spent 2641 gold pieces at shops.

Inventory:

Hand Weapons
 i - the +4 morningstar of the Hidden Emperors {holy, Dex+4}
   (You found it on level 5 of the Pits of Slime)

   It has been blessed by the Shining One to cause great damage to the undead
   and demons.
   Dex:       It affects your dexterity (+4).
 J - a +9 sacred scourge of holy wrath (weapon)
Missiles
 T - 5 throwing nets (quivered)
Armour
 b - the +7 Kryia's mail coat {PotionHeal*2 rC+}
   (You found it on level 2 of the Dungeon)

   Potions are twice as effective at healing its wearer.
   rC:        It protects you from cold.
 c - the +0 tower shield "Xitucow" (worn) {Dex+3}
   (You found it on level 9 of the Dungeon)

   Dex:       It affects your dexterity (+3).
 l - a +2 helmet (worn)
 o - +5 fire dragon scales (worn)
 p - the +8 chain mail of Amorality {Int+4}
   (You bought it in a shop on level 9 of the Dungeon)

   Int:       It affects your intelligence (+4).
 s - a +2 cloak of preservation
 A - a scarf of resistance
 N - the +1 cloak of the Valley {*Slow +Blink Regen+ Str+2}
   (You found it on level 2 of the Spider Nest)

   Str:       It affects your strength (+2).
   +Blink:    It lets you blink.
   Regen:     It increases your rate of health regeneration.
   *Slow:     It may slow you when you take damage.
 R - a +2 pair of boots of rampaging (worn)
 X - a scarf of repulsion (worn)
 Z - a +2 pair of gloves of strength (worn)
Jewellery
 d - the ring of the Lobster {+Blink rPois rC+ Int+7}
   (You took it off a yaktaur captain on level 5 of the Vaults)

   [ring of protection from cold]

   Int:       It affects your intelligence (+7).
   rC:        It protects you from cold.
   rPois:     It protects you from poison.
   +Blink:    It lets you blink.
 e - an amulet of regeneration (around neck)
 m - a ring of protection from fire
 n - a +4 ring of slaying (left hand)
 D - the ring "Mullih" (right hand) {EV+4 Int+5}
   (You found it on level 1 of the Depths)

   [ring of evasion]

   EV:        It affects your evasion (+4).
   Int:       It affects your intelligence (+5).
 S - the ring of Pantheism {+Blink rF+ rN+ MP+9 Stlth-}
   (You took it off a tengu conjurer on level 1 of the Depths)

   [ring of protection from fire]

   rF:        It protects you from fire.
   rN:        It protects you from negative energy.
   MP:        It affects your magic capacity (+9).
   +Blink:    It lets you blink.
   Stlth:     It makes you less stealthy.
 Y - the ring "Aptoof" {rN+ Will+ MP+9}
   (You found it on level 2 of the Crypt)

   [ring of positive energy]

   rN:        It protects you from negative energy.
   MP:        It affects your magic capacity (+9).
   Will:      It increases your willpower.
Wands
 j - a wand of flame (77)
 u - a wand of mindburst (38)
 x - a wand of charming (13)
 y - a wand of polymorph (39)
 z - a wand of digging (13)
 B - a wand of roots (20)
 W - a wand of acid (11)
Scrolls
 k - 8 scrolls of teleportation
 v - 2 scrolls of magic mapping
 w - 3 scrolls of summoning
 C - 4 scrolls of fear
 E - a scroll of brand weapon
 G - 4 scrolls of silence
 L - 12 scrolls of fog
 P - 4 scrolls of immolation
Potions
 a - 4 potions of berserk rage
 g - 10 potions of ambrosia
 q - 4 potions of attraction
 r - 6 potions of magic
 t - a potion of resistance
 H - 12 potions of lignification
 K - 3 potions of cancellation
 M - 7 potions of brilliance
 O - 10 potions of curing
 U - 3 potions of might
 V - 4 potions of mutation
Miscellaneous
 F - a phantom mirror


   Skills:
 - Level 22.8 Fighting
 - Level 17.3 Maces & Flails
 - Level 13.5 Armour
 - Level 9.9 Dodging
 - Level 21.5 Shields
 - Level 7.1 Spellcasting
 - Level 10.9 Translocations
 + Level 12.7 Transmutations
 + Level 12.6 Fire Magic
 + Level 12.6 Poison Magic
 O Level 27 Invocations
 - Level 14.3 Evocations


You had 24 spell levels left.
You knew the following spells:

 Your Spells              Type           Power      Damage    Failure   Level
a - Blink                 Tloc           96%        N/A       1%          2
b - Apportation           Tloc           96%        N/A       1%          1
c - Lesser Beckoning      Tloc           48%        N/A       1%          3
d - Manifold Assault      Tloc           48%        N/A       11%         5
e - Ignite Poison         Fire/Tmut/Pois 53%        N/A       1%          3
f - Wereblood             Tmut           53%        N/A       1%          2

Your spell library contained the following spells:

 Spells                   Type           Power      Damage    Failure   Level
 Beastly Appendage        Tmut           100%       N/A       1%          1
 Sting                    Tmut/Pois      100%       1d8       1%          1
 Spider Form              Tmut/Pois      53%        N/A       1%          3
 Olgreb's Toxic Radiance  Pois           53%        N/A       1%          4
 Foxfire                  Conj/Fire      100%       2x1d9     2%          1
 Poisonous Vapours        Pois/Air       60%        N/A       4%          2
 Alistair's Intoxication  Tmut/Pois      35%        N/A       5%          5
 Blade Hands              Tmut           26%        N/A       5%          5
 Conjure Flame            Conj/Fire      30%        6-21      9%          3
 Inner Flame              Hex/Fire       30%        N/A       9%          3
 Portal Projectile        Hex/Tloc       54%        N/A       12%         3
 Mephitic Cloud           Conj/Pois/Air  22%        N/A       19%         3
 Ice Form                 Ice/Tmut       31%        N/A       26%         4
 Petrify                  Tmut/Erth      31%        N/A       26%         4
 Sticky Flame             Conj/Fire      30%        2d5       26%         4
 Eringya's Noxious Bog    Tmut/Pois      26%        N/A       30%         6
 Shock                    Conj/Air       24%        1d4       36%         1
 Slow                     Hex            24%        N/A       36%         1
 Summon Small Mammal      Summ           24%        N/A       36%         1
 Static Discharge         Conj/Air       6%         3-4/arc   50%         2
 Fireball                 Conj/Fire      15%        3d8       58%         5
 Irradiate                Conj/Tmut      15%        3d16      58%         5
 Yara's Violent Unravell  Hex/Tmut       15%        3d8       58%         5
 Summon Forest            Summ/Tloc      13%        N/A       71%         5
 Call Canine Familiar     Summ           6%         N/A       73%         3
 Confusing Touch          Hex            6%         N/A       73%         3
 Dazzling Flash           Conj/Hex       12%        N/A       73%         3
 Frozen Ramparts          Ice            12%        1d2       73%         3
 Ozocubu's Armour         Ice            6%         N/A       73%         3
 Stone Arrow              Conj/Erth      12%        3d7       73%         3
 Summon Guardian Golem    Hex/Summ       6%         N/A       73%         3
 Swiftness                Air            6%         N/A       73%         3
 Tukima's Dance           Hex            6%         N/A       73%         3
 Vampiric Draining        Necr           6%         2d6       73%         3
 Dragon Form              Tmut           26%        N/A       86%         7
 Airstrike                Air            3%         2d(1-17)  98%         4
 Anguish                  Hex/Necr       3%         N/A       98%         4
 Animate Armour           Summ/Erth      12%        N/A       98%         4
 Cause Fear               Hex            3%         N/A       98%         4
 Hailstorm                Conj/Ice       6%         3d4       98%         4
 Leda's Liquefaction      Hex/Erth       3%         N/A       98%         4
 Summon Ice Beast         Ice/Summ       6%         N/A       98%         4
 Summon Lightning Spire   Summ/Air       6%         N/A       98%         4
 Starburst                Conj/Fire      15%        6d6       99%         6
 Agony                    Necr           6%         N/A       100%        5
 Borgnjor's Vile Clutch   Necr/Erth      3%         N/A       100%        5
 Iskenderun's Battlesphe  Conj           6%         2d6       100%        5
 Lightning Bolt           Conj/Air       3%         1d14      100%        5
 Silence                  Hex/Air        3%         N/A       100%        5
 Summon Mana Viper        Hex/Summ       6%         N/A       100%        5
 Iron Shot                Conj/Erth      3%         9d2       100%        6
 Simulacrum               Ice/Necr       3%         N/A       100%        6
 Summon Cactus Giant      Summ           3%         N/A       100%        6
 Enfeeble                 Hex            3%         N/A       100%        7
 Monstrous Menagerie      Summ           3%         N/A       100%        7
 Ozocubu's Refrigeration  Ice            3%         4d8       100%        7
 Spellforged Servitor     Conj/Summ      3%         N/A       100%        7
 Summon Hydra             Summ           3%         N/A       100%        7
 Discord                  Hex            3%         N/A       100%        8
 Disjunction              Tloc           24%        N/A       100%        8
 Ignition                 Fire           26%        3d9       100%        8
 Lehudib's Crystal Spear  Conj/Erth      3%         10d2      100%        8
 Maxwell's Capacitive Co  Air            3%         ∞         100%        8
 Death's Door             Necr           3%         N/A       100%        9
 Dragon's Call            Summ           3%         N/A       100%        9
 Sublimation of Blood     Necr           Unusable   N/A       N/A         2
 Statue Form              Tmut/Erth      Unusable   N/A       N/A         6

Dungeon Overview and Level Annotations

Branches:
Dungeon (15/15)            Temple (1/1) D:5            Lair (5/5) D:8
  Swamp (4/4) Lair:2       Spider (4/4) Lair:3        Slime (5/5) Lair:4
    Orc (2/2) D:9             Elf (0/3) Orc:2        Vaults (5/5) D:13
  Crypt (3/3) Vaults:2       Tomb (3/3) Crypt:3      Depths (4/4) D:15
   Hell (visited)             Dis (0/7) Hell            Geh (7/7) Hell
    Coc (0/7) Hell            Tar (7/7) Hell            Zot (1/5) Depths:4
  IceCv (visited)

Altars:
Ashenzari
Cheibriados
Dithmenos
Elyvilon
Fedhas
Gozag
Hepliaklqana
Kikubaaqudgha
Makhleb
Nemelex Xobeh
Okawaru
Qazlal
Ru
Sif Muna
Trog
Uskayaw
Vehumet
Wu Jian
Xom
Yredelemnul
Zin
The Shining One
Jiyva

Shops:
D:7 ?(   D:9 :[   D:13 [   D:15 [   Orc:2 *=!([=   Vaults:1 (   Vaults:3 [
Vaults:4 ([   Depths:1 ?(:[

Portals:
Hell: Depths:1 Depths:2 Depths:3 Depths:4
Abyss: Depths:1 Depths:2 Depths:3 Depths:4
Pandemonium: Depths:2
Ziggurat: Depths:3

Annotations:
D:15 exclusion: ice statue
Orc:2 2 transporters, stil's ghost, journeyman DjIE
Geh:1 6 runed translucent doors
Zot:1 3 runed translucent doors, Decrayps's ghost, veteran FeEn


Innate Abilities, Weirdness & Mutations

You are immune to sickness and miasma.
Your stone body is resilient. (AC +20)
You are immune to poison.
Your large and strong wings let you fly.
You resist negative energy. (rN+)
You are resistant to electric shocks. (rElec)
You are resistant to unholy torment.
You are immune to petrification.
Your flesh is cold resistant. (rC+)
You are strong-willed. (Will+)


Message History

The bennu barely misses you.
The bennu jubilantly flits about.
The bennu closely misses you. The bennu claws you but does no damage.
You block the bennu's attack. The bennu completely misses you.
The bennu claws you but does no damage. The bennu claws you.
* * * LOW HITPOINT WARNING * * *
The bennu barely misses you. The bennu claws you.
* * * LOW HITPOINT WARNING * * *
You block the bennu's attack. The bennu closely misses you.
The bennu claws you but does no damage. x2
The emperor scorpion is engulfed in blazing flames.
The bennu closely misses you. The bennu claws you but does no damage.
The bennu completely misses you. The bennu barely misses you.
You block the bennu's attack. The bennu barely misses you. The bennu pecks you!
* * * LOW HITPOINT WARNING * * *
The bennu completely misses you. The bennu claws you but does no damage.
You block the bennu's attack. The bennu claws you.
* * * LOW HITPOINT WARNING * * *
The bennu claws you!
* * * LOW HITPOINT WARNING * * *
You feel better.
You feel yourself speed up. The bennu misses you. The bennu barely misses you.
You block the bennu's attack. x2; The bennu claws you but does no damage.
The bennu barely misses you. You block the bennu's attack.
The bennu closely misses you. The bennu claws you but does no damage.
The bennu misses you. The bennu claws you but does no damage.
You block the bennu's attack. x2; The bennu claws you but does no damage. x2
The bennu pecks you but does no damage. The bennu misses you.
The bennu claws you but does no damage. The bennu pecks you but does no damage.
The bennu completely misses you. The bennu claws you but does no damage.
The emperor scorpion is engulfed in blazing flames.
The bennu misses you. The bennu claws you but does no damage.
The bennu claws you!
* * * LOW HITPOINT WARNING * * *
The ancient champion is engulfed in blazing flames.
The bennu pecks you! The Shining One protects you from harm!
The bennu claws you!
You die...

**,,,,,,**#.....M...
**,,,,,,*#§.....^.b
****#+####z..M.z..
*##○°°○##.....§.=
##$○°○°..*#M§..§..
#°°°.○...,##§.....
##○○.°.°.°,<##.....
#○☼b°....○.,,##.z.z
#b@bbs°°○.....##.†§
#bbb○Z$..☼....##z..
#○°$z$$$.☼....^#..M
#°☼$°○○°MM.....#s..
##$$○$$○M$.M.B.'.§z
##°○$[$$$.z..Z#§?.
*#☼:$$s○..M..#...
*#°☼○°°$b..##b§§
##$"$$$$..##.§§


You could see 2 emperor scorpions, 7 bennus, an ancient champion (fast), 3
mummies and a shard shrike zombie.

Vanquished Creatures
  Asmodeus (Geh:7)
  the Royal Jelly (Slime:5)
  Ereshkigal (Tar:7)
  2 dread liches
  Mara (Vaults:3)
  5 ancient liches
  2 juggernauts (Depths:3)
  The ghost of topfpfpflanze the Slayer, a veteran OgCj of Gozag (Depths:2)
  9 royal mummies
  Saint Roka (Vaults:1)
  Geryon (Hell)
  A curse toe (Zot:1)
  3 caustic shrikes (Depths:3)
  8 golden dragons
  25 profane servitors
  Nikola (Spider:3)
  8 bone dragons
  Arachne (Spider:3)
  8 doom hounds
  6 Brimstone Fiends
  19 Tzitzimimeh
  7 hellephants
  A shard shrike zombie (Crypt:3)
  7 liches
  7 tentacled monstrosities
  Mlioglotl (Spider:2)
  A walking divine tome (Depths:3)
  25 tainted leviathans
  5 titans
  2 walking frostbound tomes (Depths:3)
  25 searing wretches
  A walking earthen tome (Depths:3)
  Murray (Hell)
  2 quicksilver dragons (Zot:1)
  24 acid blobs
  9 sphinxes
  6 ancient champions
  A storm dragon (shapeshifter) (Depths:3)
  Gastronok (D:11)
  5 shadow dragons
  10 tengu reavers
  8 storm dragons
  Donald (Swamp:3)
  Roxanne (Swamp:3)
  20 fire giants
  9 frost giants
  6 azure jellies (Slime:5)
  5 revenants
  6 emperor scorpions
  14 rockslimes
  A draconian scorcher (Depths:4)
  10 vault wardens
  2 ghost moths
  18 ironbound preservers
  An iron dragon (Depths:3)
  Aizul (Swamp:4)
  2 orc warlords
  28 balrugs
  A spectral juggernaut (Tar:4)
  An angel (Depths:2)
  2 spectral caustic shrikes
  19 very ugly things
  21 ghouls
  2 spriggan defenders (Depths:3)
  2 juggernaut zombies
  2 broodmothers
  9 quicksilver oozes
  6 war gargoyles
  A caustic shrike skeleton (Depths:1)
  10 reapers
  An ophan (Depths:1)
  3 green draconians
  10 vampire knights
  5 ironbound thunderhulks
  6 eleionomae
  2 yellow draconians (Depths:4)
  7 bennus
  2 red draconians (Depths:4)
  A deep elf demonologist (Vaults:4)
  2 spectral titans
  16 stone giants
  4 bunyips
  2 purple draconians
  Azrael (Spider:1)
  27 putrid mouths
  A deep elf annihilator (Vaults:5)
  A white draconian (Depths:4)
  2 entropy weavers
  5 spark wasps
  5 dire elephants
  A spectral quicksilver dragon (Tar:5)
  14 ettins
  3 iron golems (Hell)
  A blizzard demon (Hell)
  A crystal guardian (Vaults:1)
  A shambling mangrove (Swamp:3)
  A quicksilver dragon zombie (Crypt:1)
  9 fire dragons
  A deep elf high priest (Vaults:5)
  8 eidola
  19 mummy priests
  A spectral kraken (Tar:7)
  Josephine (Orc:2)
  10 yaktaur captains
  16 jiangshi
  7 boulder beetles
  4 rakshasas
  Harold (Orc:1)
  A quicksilver dragon skeleton (Tomb:1)
  5 spriggan zombies
  Fannar (Lair:2)
  13 salamander tyrants
  A caustic shrike simulacrum (IceCv)
  16 great orbs of eyes
  31 vault guards
  8 spectral spriggans
  A fenstrider witch zombie (Crypt:2)
  3 ice dragons
  2 peacekeepers
  A spectral shadow dragon (Tar:1)
  5 ogre magi
  21 hydras
  3 spriggan air magi
  2 spriggan skeletons
  3 death knights
  4 jorogumos
  12 two-headed ogres
  8 ironbound frosthearts
  2 dancing weapons (Crypt:3)
  A fenstrider witch skeleton (Crypt:3)
  12 centaur warriors
  A two-headed ogre (shapeshifter) (Depths:3)
  2 radroaches (Spider:3)
  14 stokers
  34 death scarabs
  A death yak (Lair:5)
  3 alligators
  7 deep troll shamans
  31 vampire magi
  2 titan zombies
  4 deep troll earth magi
  7 hell knights (Depths:3)
  5 tengu warriors
  A shock serpent (shapeshifter) (Vaults:5)
  A spectral dire elephant (Geh:6)
  8 spriggan berserkers
  The ghost of lis82 the Destroyer, a novice DgAE (D:9)
  4 orc high priests (Orc:2)
  Urug (Orc:2)
  7 spectral nagas
  23 hell hogs
  Nergalle (D:11)
  8 sun demons (Hell)
  3 soul eaters
  A spectral bunyip (Tar:1)
  3 storm dragon zombies (Crypt:3)
  An emperor scorpion zombie (Crypt:3)
  A sixfirhy (Depths:2)
  A titan skeleton (Tomb:3)
  31 skeletal warriors
  4 golden dragon zombies
  A salamander mystic (Depths:3)
  3 sun moths
  4 goliath frogs
  9 iron trolls
  3 shadow wraiths
  3 pharaoh ants
  4 steelbarb worms
  A swamp dragon (shapeshifter) (Depths:3)
  2 storm dragon skeletons
  2 anaconda zombies
  A death drake (shapeshifter) (Vaults:4)
  5 swamp dragons
  56 deep trolls
  3 spectral anacondas
  3 flayed ghosts
  3 spriggan simulacra (D:14)
  11 orb spiders
  2 wizards
  5 glowing orange brains
  2 orb spiders (shapeshifter)
  16 phantasmal warriors
  3 lindwurms (Vaults:3)
  4 obsidian statues
  17 bog bodies
  2 spectral hydras
  17 orc knights
  A sphinx zombie (Vaults:4)
  15 necromancers
  A spectral iron dragon (Geh:6)
  17 ironbound convokers
  5 harpies (Vaults:1)
  A fire giant zombie (Crypt:3)
  A shining eye (shapeshifter) (D:15)
  15 wolf spiders
  A spectral alligator snapping turtle (Tar:3)
  2 spectral centaurs (Tar:1)
  7 orc sorcerers
  12 ugly things
  8 cyclopes
  3 deep elf pyromancers
  6 will-o-the-wisps
  9 moths of wrath
  3 spectral ettins
  7 shining eyes
  A stone giant zombie (Vaults:2)
  3 salamanders (Depths:3)
  4 manticores
  8 rust devils
  A stone giant skeleton (Vaults:3)
  Maurice (D:8)
  20 elephants
  A centaur zombie (Crypt:3)
  5 smoke demons
  A black mamba (Lair:5)
  2 eyes of devastation
  15 vault sentinels
  3 dire elephant zombies
  13 molten gargoyles
  14 cane toads
  A naga skeleton (Crypt:1)
  A dire elephant skeleton (Hell)
  An unseen horror (D:12)
  A swamp worm zombie (Crypt:3)
  13 spectral swamp worms (Tar:7)
  A gargoyle (D:13)
  14 hellions
  2 torpor snails
  A yaktaur zombie (Vaults:3)
  4 rime drakes
  6 demonic crawlers
  9 freezing wraiths
  17 tormentors
  36 yaktaurs
  An anaconda simulacrum (D:14)
  A kobold demonologist (D:6)
  10 komodo dragons
  2 hellwings (Depths:2)
  2 golden dragon simulacra (IceCv)
  6 spectral harpies
  A mana viper zombie (Crypt:2)
  2 ice devils (Hell)
  6 tengu conjurers
  A meliai (shapeshifter) (Vaults:4)
  A green draconian skeleton (Crypt:3)
  A spectral two-headed ogre (Tar:1)
  7 trolls
  11 meliai
  3 polar bears (Lair:5)
  18 tarantellas
  37 guardian mummies
  3 tyrant leeches
  2 human skeletons (Vaults:3)
  3 silent spectres
  2 bloated husks
  A tarantella zombie (Crypt:2)
  16 blink frogs
  115 slime creatures
  A spectral swamp dragon (Tar:1)
  A snapping turtle (shapeshifter) (Vaults:5)
  2 ettin zombies
  A deep troll zombie (Vaults:4)
  5 hornets
  A blink frog (shapeshifter) (D:13)
  A human simulacrum (Vaults:2)
  34 flying skulls
  16 jumping spiders
  27 vampires
  22 culicivoras
  13 wraiths
  A shadow (D:9)
  10 ushabtiu
  5 water elementals
  4 wyverns
  2 dire elephant simulacra (IceCv)
  A basilisk (shapeshifter) (D:15)
  6 spriggans
  A slime creature zombie (Crypt:3)
  29 yaks
  5 fire elementals (Spider:1)
  9 golden eyes
  7 basilisks
  A human (shapeshifter) (Vaults:5)
  44 redbacks
  7 vampire mosquitoes
  2 steam dragons (D:8)
  3 minotaur simulacra
  14 swamp worms
  A faun zombie (Crypt:1)
  3 acid dragons
  9 wargs
  A naga zombie (Hell)
  Duvessa (D:4)
  3 hydra simulacra (IceCv)
  10 water moccasins
  2 floating eyes
  32 orc warriors
  7 swamp drakes (Swamp:4)
  9 hell hounds
  An ice beast (D:8)
  An alligator simulacrum (IceCv)
  A floating eye zombie (Crypt:1)
  3 black bears
  7 ettin simulacra
  24 wolves
  A black mamba simulacrum (Crypt:1)
  A sky beast (D:8)
  9 centaurs
  An elephant skeleton (Lair:5)
  A boggart (shapeshifter) (Vaults:5)
  A snapping turtle skeleton (Crypt:2)
  A tengu (shapeshifter) (D:14)
  5 ogres
  A hog skeleton (Crypt:1)
  7 kobold brigands
  A phantom (D:3)
  8 bullfrogs
  8 necrophages
  A deep troll simulacrum (IceCv)
  A water moccasin zombie (Crypt:3)
  A scorpion (D:6)
  10 wights (D:8)
  A yaktaur skeleton (Crypt:3)
  Dowan (D:4)
  A cyclops skeleton (Crypt:2)
  2 yak zombies
  28 killer bees
  2 lindwurm simulacra (D:14)
  8 electric eels
  An elephant simulacrum (Lair:5)
  2 hounds (D:6)
  3 jellies
  2 centaur skeletons
  17 orc priests
  3 iguanas
  A black bear zombie (Crypt:2)
  26 orc wizards
  6 hell rats (Hell)
  An ice beast zombie (Crypt:1)
  31 mummies
  6 gnolls
  9 adders
  A white imp (D:7)
  An ufetubus (D:5)
  5 worms
  8 dart slugs
  70 orcs
  7 ball pythons
  8 endoplasms
  A giant cockroach (D:2)
  10 goblins
  6 hobgoblins
  5 jackals
  3 quokkas (D:1)
  5 bats
  5 frilled lizards
  40 kobolds
  7 rats
  A rat zombie (Crypt:1)
  3 creeping infernos
  22 fire vortices
  A lurking horror (Geh:1)
  2 tentacles (Tar:7)
2581 creatures vanquished.

Vanquished Creatures (collateral kills)
  Mennas (Tomb:1)
  the Lernaean hydra (Swamp:4)
  A Brimstone Fiend (Geh:7)
  An acid blob (Slime:5)
  An azure jelly (Slime:5)
  2 emperor scorpions (Spider:4)
  A quicksilver ooze (Slime:5)
  A fire dragon (D:12)
  A skeletal warrior (Tomb:3)
  2 swamp dragons (Swamp:4)
  An orb spider (Spider:4)
  A steelbarb worm (Spider:4)
  3 deep trolls (Vaults:2)
  A bog body (Swamp:4)
  2 guardian mummies (Tomb:2)
  A queen bee (D:12)
  2 slime creatures (Vaults:2)
  A culicivora (Spider:4)
  5 flying skulls (Tomb:1)
  3 killer bees (D:12)
  7 mummies (Tomb:2)
39 creatures vanquished.

Vanquished Creatures (others)
  A fire giant (Depths:3)
  A spectral spriggan (Geh:6)
  A great orb of eyes (Depths:1)
  An ice dragon (D:15)
  A tengu warrior (D:9)
  A hell hog (Geh:7)
  An elephant (Lair:5)
  A bloated husk (Swamp:1)
  A tarantella (Spider:4)
  A water elemental (D:13)
  A swamp worm (Swamp:1)
  2 orc warriors (Orc:2)
  An orc priest (Orc:2)
  An orc wizard (D:5)
  2 ball lightnings (D:9)
  A bush (Swamp:4)
  9 creeping infernos
  38 foxfires
  24 fungi
  2 lurking horrors (Geh:1)
  56 plants
  2 tentacles (Tar:7)
  4 toadstools (D:1)
  15 withered plants (Lair:5)
168 creatures vanquished.

Grand Total: 2788 creatures vanquished

Notes
Turn   | Place    | Note
-------+----------+-------------------------------------------
     0 | D:1      | Ijustatesigmund the Gargoyle Fighter began the quest for
                  | the Orb.
     0 | D:1      | Reached XP level 1. HP: 14/14 MP: 1/1
   125 | D:1      | Reached XP level 2. HP: 19/19 MP: 2/2
   488 | D:1      | Reached XP level 3. HP: 24/24 MP: 3/3
  1039 | D:2      | Reached XP level 4. HP: 30/30 MP: 4/4
  1049 | D:2      | Identified the +3 leather armour "Mirogoir" {Int+3}
  1712 | D:2      | Found the +7 Kryia's mail coat {PotionHeal*2 rC+}
  2326 | D:3      | Reached XP level 5. HP: 34/34 MP: 5/5
  2591 | D:3      | Noticed a phantom
  2603 | D:3      | Killed a phantom
  2604 | D:3      | Reached skill level 5 in Fighting
  2604 | D:3      | Reached XP level 6. HP: 29/40 MP: 6/6
  3401 | D:4      | Noticed Duvessa
  3402 | D:4      | Noticed Dowan
  3423 | D:4      | Killed Duvessa
  3429 | D:4      | Killed Dowan
  3515 | D:4      | Reached XP level 7. HP: 45/45 MP: 7/7
  3634 | D:5      | Entered Level 5 of the Dungeon
  3657 | D:5      | Reached skill level 5 in Maces & Flails
  3657 | D:5      | Reached skill level 5 in Armour
  3692 | D:5      | Found a staircase to the Ecumenical Temple.
  3775 | Temple   | Entered the Ecumenical Temple
  4371 | D:5      | Reached XP level 8. HP: 25/52 MP: 8/8
  4865 | D:6      | Noticed a kobold demonologist
  4867 | D:6      | Noticed a hellwing
  4871 | D:6      | Noticed a sixfirhy
  4872 | D:6      | Noticed a hellwing
  5306 | D:6      | Killed a kobold demonologist
  5552 | D:6      | Found a broken altar of Ashenzari.
  5586 | D:6      | Found a glowing golden altar of the Shining One.
  5589 | D:6      | Found a shimmering blue altar of Sif Muna.
  5594 | D:6      | Found a sacrificial altar of Ru.
  5595 | D:6      | Found a stormy altar of Qazlal.
  5596 | D:6      | Became a worshipper of the Shining One
  5597 | D:6      | Found a white marble altar of Elyvilon.
  5604 | D:6      | Found an opulent altar of Gozag.
  5824 | D:7      | Reached skill level 1 in Invocations
  5897 | D:7      | Reached XP level 9. HP: 48/59 MP: 10/10
  5959 | D:7      | Found Iqeukl Oxte's Weapon Shoppe.
  6065 | D:7      | Reached skill level 2 in Invocations
  6186 | D:7      | Found Vudd's Magic Scroll Emporium.
  6189 | D:7      | Bought a scroll of teleportation for 45 gold pieces
  6189 | D:7      | Bought a scroll of magic mapping for 112 gold pieces
  6189 | D:7      | Bought a scroll of teleportation for 45 gold pieces
  6189 | D:7      | Bought a scroll of summoning for 142 gold pieces
  6495 | D:8      | Reached skill level 3 in Invocations
  6546 | D:8      | Reached skill level 5 in Shields
  6790 | D:8      | Reached skill level 4 in Invocations
  6803 | D:8      | Reached XP level 10. HP: 24/66 MP: 13/13
  6811 | D:8      | Noticed a two-headed ogre
  7039 | D:8      | Killed a two-headed ogre
  7040 | D:8      | Reached skill level 5 in Invocations
  7071 | D:8      | Found a staircase to the Lair.
  7088 | D:8      | Reached * piety under the Shining One
  7132 | D:8      | Noticed a green ugly thing
  7143 | D:8      | Killed a green ugly thing
  7144 | D:8      | Reached skill level 1 in Evocations
  7149 | D:8      | Noticed Maurice
  7167 | D:8      | Killed Maurice
  7347 | D:8      | Found an iron altar of Okawaru.
  7403 | D:8      | Reached skill level 6 in Invocations
  7440 | D:9      | Found Gaemom's Antique Armour Shop.
  7470 | D:9      | Found a runed translucent door.
  7470 | D:9      | Noticed a tengu warrior
  7470 | D:9      | Noticed lis82's ghost (novice DgAE)
  7562 | D:9      | Found a staircase to the Orcish Mines.
  7772 | D:9      | Reached skill level 10 in Fighting
  7940 | D:9      | You fall into a shaft and drop 3 floors!
  8060 | D:10     | Entered Level 10 of the Dungeon
  8477 | D:9      | Reached XP level 11. HP: 69/72 MP: 14/16
  8503 | D:9      | Identified the +0 tower shield "Xitucow" {Dex+3}
  8647 | D:9      | Found Kantylosaff's Book Shoppe.
  8740 | D:9      | Noticed a two-headed ogre
  8755 | D:9      | Killed a two-headed ogre
  8756 | D:9      | Reached skill level 7 in Invocations
  9351 | D:10     | Noticed a two-headed ogre
  9358 | D:10     | Killed a two-headed ogre
  9565 | D:10     | Noticed a two-headed ogre
  9574 | D:10     | Killed a two-headed ogre
 10023 | D:11     | Noticed a manticore
 10030 | D:11     | Killed a manticore
 10242 | D:11     | Noticed Gastronok
 10273 | D:11     | Killed Gastronok
 10274 | D:11     | Reached skill level 10 in Maces & Flails
 10274 | D:11     | Reached skill level 8 in Invocations
 10362 | D:11     | Noticed Nergalle
 10372 | D:11     | Killed Nergalle
 10661 | D:11     | Noticed a two-headed ogre
 10669 | D:11     | Killed a two-headed ogre
 10771 | D:11     | Noticed a two-headed ogre
 10779 | D:11     | Killed a two-headed ogre
 10780 | D:11     | Reached XP level 12. HP: 54/80 MP: 18/18
 11426 | D:12     | Reached skill level 9 in Invocations
 11913 | D:12     | Noticed an ogre mage
 11916 | D:12     | Paralysed by an ogre mage for 4 turns
 11926 | D:12     | Killed an ogre mage
 12169 | D:12     | Noticed a two-headed ogre
 12176 | D:12     | Killed a two-headed ogre
 12892 | D:12     | Reached skill level 10 in Invocations
 13124 | D:12     | Noticed a centaur warrior
 13131 | D:12     | Killed a centaur warrior
 13217 | D:12     | Reached skill level 10 in Shields
 13223 | D:12     | Noticed a deep troll earth mage
 13268 | D:12     | Killed a deep troll earth mage
 13312 | D:12     | Noticed a two-headed ogre
 13480 | D:12     | Reached XP level 13. HP: 87/87 MP: 20/20
 13650 | D:12     | Reached skill level 1 in Dodging
 13679 | D:12     | Noticed a yaktaur captain
 13679 | D:12     | Noticed a fire dragon
 13698 | D:12     | Killed a fire dragon
 13712 | D:12     | Killed a yaktaur captain
 13821 | D:13     | Noticed a yaktaur captain
 13821 | D:13     | Reached ** piety under the Shining One
 13823 | D:13     | Found a gate to the Vaults.
 14280 | D:13     | Got the Papyrus of Fetching Necromancy
 14862 | D:9      | Killed lis82's ghost
 15221 | D:13     | Found Buvyr's Antique Armour Emporium.
 15484 | D:13     | Reached skill level 11 in Invocations
 15809 | D:14     | Found a frozen archway.
 15821 | D:14     | Reached *** piety under the Shining One
 15971 | IceCv    | Entered an ice cave
 16409 | IceCv    | Noticed a white very ugly thing
 16430 | IceCv    | Killed a white very ugly thing
 16431 | IceCv    | Gained mutation: Your large and strong wings let you fly.
                  | [Gargoyle growth]
 16431 | IceCv    | Reached XP level 14. HP: 95/95 MP: 22/22
 16690 | IceCv    | Reached **** piety under the Shining One
 17313 | IceCv    | Noticed a reaper
 17313 | IceCv    | Noticed a reaper
 17521 | IceCv    | Killed a reaper
 18044 | IceCv    | Killed a reaper
 18148 | IceCv    | Identified the +0 ice dragon scales "Mitorof" {Rampage rF-
                  | rC++ Int+5}
 18406 | D:14     | Reached skill level 12 in Invocations
 19414 | D:15     | Entered Level 15 of the Dungeon
 19604 | D:15     | Found Jenysm's Antique Armour Emporium.
 19641 | D:15     | Found a shadowy altar of Dithmenos.
 20392 | D:15     | Noticed a red very ugly thing
 20549 | D:15     | Killed a red very ugly thing
 20550 | D:15     | Reached skill level 10 in Armour
 21238 | Lair:1   | Entered Level 1 of the Lair of Beasts
 22170 | Lair:2   | Found a staircase to the Swamp.
 22688 | Lair:2   | Noticed Fannar
 22717 | Lair:2   | Killed Fannar
 22718 | Lair:2   | Reached XP level 15. HP: 85/101 MP: 24/24
 23285 | Lair:3   | Found a hole to the Spider Nest.
 23286 | Lair:3   | You are sucked into a shaft and drop 2 floors!
 23286 | Lair:5   | Entered Level 5 of the Lair of Beasts
 23473 | Lair:4   | Reached skill level 13 in Invocations
 23862 | Lair:3   | Reached skill level 15 in Fighting
 23992 | Lair:3   | Reached skill level 5 in Dodging
 24816 | Lair:4   | Identified the +2 robe of Kindness {rPois rC- Str+9 Slay-5}
 25037 | D:9      | Bought a faintly humming chain mail for 294 gold pieces
 25037 | D:9      | Identified the +8 chain mail of Amorality {Int+4} (You
                  | bought it in a shop on level 9 of the Dungeon)
 25312 | Lair:4   | Found a staircase to the Slime Pits.
 25312 | Lair:4   | Found a viscous altar of Jiyva.
 26758 | Lair:5   | Reached skill level 14 in Invocations
 27376 | Lair:5   | Reached skill level 15 in Invocations
 27542 | Orc:1    | Entered Level 1 of the Orcish Mines
 27617 | Orc:2    | Entered Level 2 of the Orcish Mines
 27617 | Orc:2    | Noticed Urug
 27703 | Orc:1    | Noticed an orc warlord
 27728 | Orc:1    | Killed an orc warlord
 27729 | Orc:1    | Reached XP level 16. HP: 68/108 MP: 17/27
 27917 | Orc:2    | Killed Urug
 27943 | Orc:2    | Found a staircase to the Elven Halls.
 28022 | Orc:1    | Noticed Harold
 28036 | Orc:1    | Killed Harold
 28249 | Orc:2    | Found a transporter.
 28271 | Orc:2    | Found a transporter.
 28283 | Orc:2    | Noticed stil's ghost (journeyman DjIE)
 28288 | Orc:2    | Found a bloodstained altar of Trog.
 28350 | Orc:2    | Paralysed by an orc sorcerer for 3 turns
 28366 | Orc:1    | Reached skill level 16 in Invocations
 28681 | Orc:2    | Noticed Josephine
 28716 | Orc:2    | Killed Josephine
 28722 | Orc:2    | Found Qasaekk's Jewellery Shop.
 28740 | Orc:2    | Found Hodwatro's Assorted Antiques.
 28938 | Orc:2    | Reached ***** piety under the Shining One
 28940 | Orc:2    | Reached skill level 17 in Invocations
 29152 | Orc:2    | Found Depnym's Distillery.
 29152 | Orc:2    | Found Cogium's Jewellery Shoppe.
 29173 | Orc:2    | Found Ulleppoic's Weapon Shop.
 29173 | Orc:2    | Found Takh's Antique Armour Shoppe.
 29179 | Orc:2    | Bought a potion of mutation for 120 gold pieces
 29179 | Orc:2    | Bought a potion of curing for 45 gold pieces
 29785 | Spider:1 | Entered Level 1 of the Spider Nest
 29823 | Spider:1 | Noticed Azrael
 29858 | Spider:1 | Killed Azrael
 30172 | Spider:1 | Reached skill level 18 in Invocations
 31691 | Spider:2 | Identified the +1 cloak of the Valley {*Slow +Blink Regen+
                  | Str+2}
 31769 | Spider:3 | Noticed Mlioglotl
 31789 | Spider:2 | Killed Mlioglotl
 31790 | Spider:2 | Reached skill level 19 in Invocations
 32065 | Spider:3 | Reached XP level 17. HP: 113/113 MP: 30/30
 32658 | Spider:3 | Noticed Nikola
 32679 | Spider:3 | Killed Nikola
 32817 | Spider:3 | Noticed Arachne
 32984 | Spider:3 | Killed Arachne
 33098 | Spider:3 | Identified the +2 ring mail of Integrity {Stlth+}
 33157 | Spider:4 | Entered Level 4 of the Spider Nest
 34276 | Spider:4 | Reached skill level 20 in Invocations
 34323 | Spider:4 | Got a gossamer rune of Zot
 34480 | Slime:1  | Entered Level 1 of the Pits of Slime
 34670 | Slime:2  | Paralysed by a great orb of eyes for 2 turns
 34677 | Slime:2  | Paralysed by a great orb of eyes for 3 turns
 34801 | Slime:1  | Noticed an acid blob
 34807 | Slime:1  | Noticed an acid blob
 34813 | Slime:2  | Killed an acid blob
 34814 | Slime:2  | Reached XP level 18. HP: 123/123 MP: 32/32
 35364 | Slime:1  | Gained mutation: You are clumsy. (Dex -2) [a shining eye]
 35366 | Slime:1  | Gained mutation: You are weak. (Str -2) [a shining eye]
 35367 | Slime:1  | Gained mutation: You occasionally lose the ability to read
                  | scrolls when taking damage. [a shining eye]
 35370 | Slime:1  | Lost mutation: You occasionally lose the ability to read
                  | scrolls when taking damage. [potion of mutation]
 35370 | Slime:1  | Lost mutation: You are clumsy. (Dex -2) [potion of
                  | mutation]
 35370 | Slime:1  | Lost mutation: You are weak. (Str -2) [potion of mutation]
 35370 | Slime:1  | Gained mutation: You have an increased reservoir of magic.
                  | (+10% MP) [potion of mutation]
 35370 | Slime:1  | Gained mutation: You are agile. (Dex +4, Str/Int -1)
                  | [potion of mutation]
 35954 | Slime:5  | Entered Level 5 of the Pits of Slime
 37750 | Slime:5  | Noticed the Royal Jelly
 37772 | Slime:5  | The Shining One protects you from harm!
 37773 | Slime:5  | HP: 2/125 [acid blob[the Royal Jelly] (18)]
 37773 | Slime:5  | The Shining One protects you from harm!
 37816 | Slime:5  | Reached skill level 21 in Invocations
 37824 | Slime:5  | Gained mutation: You occasionally lose the ability to read
                  | scrolls when taking damage. [a shining eye]
 38327 | Slime:5  | Found a viscous altar of Jiyva.
 38388 | Slime:5  | Killed the Royal Jelly
 38680 | Slime:5  | Identified the +4 morningstar of the Hidden Emperors {holy,
                  | Dex+4}
 38681 | Slime:5  | Identified the +0 hat of the Stag {*Corrode rN+ Int+4
                  | Dex+5}
 38684 | Slime:5  | Identified the +4 plate armour of the Desert {Int+4 Dex+3
                  | Stlth+}
 38746 | Slime:5  | Identified the amulet "Jarrig" {Reflect +Inv rElec rF- rC++
                  | SH+5}
 38769 | Slime:5  | Identified the ring of Accord {rCorr Int+3}
 38807 | Slime:5  | Identified the ring "Naypt" {Fire *Corrode Str+6}
 38821 | Slime:5  | Got a slimy rune of Zot
 38926 | Slime:5  | Gained mutation: You are dopey. (Int -2) [a shining eye]
 38927 | Slime:5  | Lost mutation: You have an increased reservoir of magic.
                  | (+10% MP) [a shining eye]
 38931 | Slime:5  | Gained mutation: You occasionally shout uncontrollably at
                  | your foes. [a shining eye]
 38934 | Slime:5  | Gained mutation: You are frail. (-10% HP) [a shining eye]
 38936 | Slime:5  | Gained mutation: You sometimes lose the ability to read
                  | scrolls when taking damage. [a shining eye]
 39128 | Lair:1   | Lost mutation: You are frail. (-10% HP) [potion of
                  | mutation]
 39128 | Lair:1   | Lost mutation: You are agile. (Dex +4, Str/Int -1) [potion
                  | of mutation]
 39128 | Lair:1   | Gained mutation: You sometimes lose your temper in combat.
                  | [potion of mutation]
 39128 | Lair:1   | Gained mutation: Your movements are slightly less
                  | encumbered by armour. (ER -2) [potion of mutation]
 39129 | Lair:1   | Lost mutation: Your movements are slightly less encumbered
                  | by armour. (ER -2) [potion of mutation]
 39129 | Lair:1   | Lost mutation: You sometimes lose your temper in combat.
                  | [potion of mutation]
 39129 | Lair:1   | Gained mutation: Your natural rate of healing is unusually
                  | fast. [potion of mutation]
 39129 | Lair:1   | Gained mutation: Armour fits poorly on your strangely
                  | shaped body. [potion of mutation]
 39130 | Lair:1   | Lost mutation: You are dopey. (Int -2) [potion of mutation]
 39130 | Lair:1   | Lost mutation: You occasionally shout uncontrollably at
                  | your foes. [potion of mutation]
 39130 | Lair:1   | Lost mutation: Your natural rate of healing is unusually
                  | fast. [potion of mutation]
 39130 | Lair:1   | Gained mutation: You are frail. (-10% HP) [potion of
                  | mutation]
 39130 | Lair:1   | Gained mutation: You occasionally lose the ability to drink
                  | potions when taking damage. [potion of mutation]
 39131 | Lair:1   | Lost mutation: You are frail. (-10% HP) [potion of
                  | mutation]
 39131 | Lair:1   | Lost mutation: You sometimes lose the ability to read
                  | scrolls when taking damage. [potion of mutation]
 39131 | Lair:1   | Gained mutation: A frigid envelope surrounds you and
                  | freezes all who hurt you. [potion of mutation]
 39131 | Lair:1   | Gained mutation: You are agile. (Dex +4, Str/Int -1)
                  | [potion of mutation]
 39132 | Lair:1   | Lost mutation: You occasionally lose the ability to read
                  | scrolls when taking damage. [potion of mutation]
 39132 | Lair:1   | Lost mutation: A frigid envelope surrounds you and freezes
                  | all who hurt you. [potion of mutation]
 39132 | Lair:1   | Gained mutation: You are frail. (-10% HP) [potion of
                  | mutation]
 39132 | Lair:1   | Gained mutation: You have a pair of small horns on your
                  | head. [potion of mutation]
 39133 | Lair:1   | Lost mutation: You are frail. (-10% HP) [potion of
                  | mutation]
 39133 | Lair:1   | Lost mutation: You have a pair of small horns on your head.
                  | [potion of mutation]
 39133 | Lair:1   | Lost mutation: Armour fits poorly on your strangely shaped
                  | body. [potion of mutation]
 39133 | Lair:1   | Gained mutation: Your spells are a little easier to cast,
                  | but a little less powerful. [potion of mutation]
 39133 | Lair:1   | Gained mutation: You are weak. (Str -2) [potion of
                  | mutation]
 39133 | Lair:1   | Gained mutation: You are partially covered in iridescent
                  | scales. (AC +2) [potion of mutation]
 39134 | Lair:1   | Lost mutation: You are agile. (Dex +4, Str/Int -1) [potion
                  | of mutation]
 39134 | Lair:1   | Lost mutation: You occasionally lose the ability to drink
                  | potions when taking damage. [potion of mutation]
 39134 | Lair:1   | Lost mutation: You are partially covered in iridescent
                  | scales. (AC +2) [potion of mutation]
 39134 | Lair:1   | Gained mutation: Your flesh is cold resistant. (rC+)
                  | [potion of mutation]
 39134 | Lair:1   | Gained mutation: You do not regenerate when monsters are
                  | visible. [potion of mutation]
 39134 | Lair:1   | Gained mutation: You have hidden genetic potential. [potion
                  | of mutation]
 39135 | Lair:1   | Lost mutation: You do not regenerate when monsters are
                  | visible. [potion of mutation]
 39135 | Lair:1   | Lost mutation: Your spells are a little easier to cast, but
                  | a little less powerful. [potion of mutation]
 39135 | Lair:1   | Lost mutation: You have hidden genetic potential. [potion
                  | of mutation]
 39135 | Lair:1   | Gained mutation: You have sharp fingernails. [potion of
                  | mutation]
 39135 | Lair:1   | Gained mutation: You have sharp toenails. [potion of
                  | mutation]
 39135 | Lair:1   | Gained mutation: You occasionally lose the ability to drink
                  | potions when taking damage. [potion of mutation]
 39135 | Lair:1   | Lost mutation: You are weak. (Str -2) [potion of mutation]
 39136 | Lair:1   | Lost mutation: You have sharp fingernails. [potion of
                  | mutation]
 39136 | Lair:1   | Lost mutation: You have sharp toenails. [potion of
                  | mutation]
 39136 | Lair:1   | Lost mutation: You occasionally lose the ability to drink
                  | potions when taking damage. [potion of mutation]
 39136 | Lair:1   | Gained mutation: You are strong-willed. (Will+) [potion of
                  | mutation]
 39182 | Swamp:1  | Entered Level 1 of the Swamp
 39443 | Swamp:1  | Reached XP level 19. HP: 112/131 MP: 27/33
 39927 | Swamp:2  | Noticed a tentacled monstrosity
 39939 | Swamp:2  | Killed a tentacled monstrosity
 40044 | Swamp:2  | Got the Grimoire of Metal
 40509 | Swamp:3  | Noticed Donald
 40523 | Swamp:3  | Killed Donald
 40546 | Swamp:3  | Identified Roxanne's Almanac of Geology
 40546 | Swamp:3  | Noticed Roxanne
 40576 | Swamp:3  | Killed Roxanne
 40782 | Swamp:3  | Identified the +4 ring mail of Cayrch {Rampage Stlth+}
 41047 | Swamp:4  | Entered Level 4 of the Swamp
 41567 | Swamp:4  | Reached skill level 15 in Maces & Flails
 41567 | Swamp:4  | Found the +7 Singing Sword {vorpal, sonic wave}
 41576 | Swamp:4  | Noticed Aizul
 41588 | Swamp:4  | Killed Aizul
 41605 | Swamp:4  | Noticed the 27-headed Lernaean hydra
 41613 | Swamp:4  | Killed the 27-headed Lernaean hydra
 41622 | Swamp:4  | Reached skill level 22 in Invocations
 41850 | Swamp:4  | Got a decaying rune of Zot
 41853 | Swamp:4  | Identified the +1 leather armour "Laemnigie" {Harm Regen+
                  | Dex-5 Slay+6}
 42370 | Vaults:1 | Entered Level 1 of the Vaults
 42508 | Vaults:1 | Found Fatoojog's Weapon Shoppe.
 43093 | Vaults:1 | Reached XP level 20. HP: 91/140 MP: 35/35
 43452 | Vaults:1 | Noticed Saint Roka
 43695 | Vaults:1 | Killed Saint Roka
 44402 | Vaults:2 | Found a staircase to the Crypt.
 44613 | Crypt:1  | Entered Level 1 of the Crypt
 44685 | Crypt:1  | Reached ****** piety under the Shining One
 44979 | Crypt:1  | Found an ancient bone altar of Kikubaaqudgha.
 45024 | Crypt:1  | Found an ancient bone altar of Kikubaaqudgha.
 45162 | Crypt:1  | Reached skill level 23 in Invocations
 45621 | Crypt:2  | Reached XP level 21. HP: 145/145 MP: 36/36
 45713 | Crypt:2  | Identified the ring "Aptoof" {rN+ Will+ MP+9}
 45864 | Crypt:2  | Found the +6 Majin-Bo {vamp, MP+6 Int+6}
 46169 | Crypt:3  | Entered Level 3 of the Crypt
 46533 | Crypt:3  | Noticed an ancient lich
 46547 | Crypt:3  | Killed an ancient lich
 46939 | Crypt:3  | Identified the ring "Quviwn" {Fire rCorr}
 47681 | Crypt:3  | Found a staircase to the Tomb.
 47702 | Tomb:1   | Entered Level 1 of the Tomb of the Ancients
 47827 | Tomb:1   | Reached XP level 22. HP: 146/151 MP: 37/37
 47832 | Tomb:1   | Reached skill level 24 in Invocations
 47846 | Tomb:1   | Reached skill level 15 in Shields
 47846 | Tomb:1   | Reached skill level 5 in Evocations
 47955 | Tomb:1   | Noticed a royal mummy
 47975 | Tomb:1   | Killed a royal mummy
 48214 | Tomb:1   | Noticed Mennas
 48232 | Tomb:1   | Killed Mennas
 48347 | Tomb:1   | Noticed a royal mummy
 48366 | Tomb:1   | Killed a royal mummy
 49812 | Vaults:2 | Found a gateway to a bazaar.
 49826 | Bazaar   | Entered a bazaar
 49840 | Bazaar   | Found Zeutapn's Distillery.
 49860 | Bazaar   | Found Jyxkoela's Magic Scroll Shop.
 49891 | Bazaar   | Found Foruekoo's Magic Scroll Shop.
 49902 | Bazaar   | Found Vunwuq's Distillery.
 49910 | Bazaar   | Bought a potion of cancellation for 48 gold pieces
 49910 | Bazaar   | Bought a potion of heal wounds for 30 gold pieces
 49910 | Bazaar   | Bought a potion of haste for 60 gold pieces
 49910 | Bazaar   | Bought a potion of curing for 18 gold pieces
 49910 | Bazaar   | Bought a potion of mutation for 48 gold pieces
 49935 | Bazaar   | Bought a potion of haste for 90 gold pieces
 49935 | Bazaar   | Bought a potion of haste for 90 gold pieces
 49935 | Bazaar   | Bought a potion of brilliance for 36 gold pieces
 49935 | Bazaar   | Bought a potion of berserk rage for 45 gold pieces
 49935 | Bazaar   | Bought a potion of might for 36 gold pieces
 49952 | Bazaar   | Bought a scroll of enchant weapon for 75 gold pieces
 49952 | Bazaar   | Bought a scroll of teleportation for 30 gold pieces
 49952 | Bazaar   | Bought a scroll of magic mapping for 75 gold pieces
 49952 | Bazaar   | Bought a scroll of silence for 95 gold pieces
 49952 | Bazaar   | Bought a scroll of fog for 40 gold pieces
 49982 | Bazaar   | Bought a scroll of magic mapping for 67 gold pieces
 49982 | Bazaar   | Bought a scroll of brand weapon for 85 gold pieces
 49982 | Bazaar   | Bought a scroll of teleportation for 27 gold pieces
 50608 | Vaults:3 | Noticed Mara
 50616 | Vaults:3 | Noticed Ijustatesigmund's illusion
 50691 | Vaults:3 | Noticed Ijustatesigmund's illusion
 50722 | Vaults:3 | Killed Mara
 50813 | Vaults:3 | Found Jenaeso's Armour Shop.
 50861 | Vaults:3 | Reached XP level 23. HP: 151/156 MP: 36/39
 51154 | Vaults:3 | Reached skill level 25 in Invocations
 51325 | Vaults:3 | Identified a +3 sacred scourge of holy wrath (a +1 demon
                  | whip of freezing blessed by the Shining One)
 51325 | Vaults:3 | Received a gift from the Shining One
 51883 | Vaults:4 | Found Ibreph's Armour Shoppe.
 51897 | Vaults:4 | Bought a +2 pair of gloves of strength for 451 gold pieces
 52086 | Vaults:4 | Found Polyojem's Weapon Emporium.
 53322 | Vaults:5 | Entered Level 5 of the Vaults
 53596 | Vaults:4 | Reached skill level 10 in Evocations
 54033 | Vaults:5 | Identified the ring of Meetost {rElec rPois rN+ Str-3
                  | Slay+4}
 54272 | Vaults:5 | Noticed an ancient lich
 54302 | Vaults:5 | Identified the +8 trident "Itreh" {distort, rF++ Str-4}
 54302 | Vaults:5 | Identified the ring of the Lobster {+Blink rPois rC+ Int+7}
 54393 | Vaults:5 | Identified the +5 spear "Vahegus" {vorpal, rF- Str+2 Int+6}
 54395 | Vaults:5 | Identified the +7 trident of Exquisite Death {drain, *Rage
                  | rElec rC++ Stlth+}
 54481 | Vaults:5 | Noticed a dread lich
 54498 | Vaults:5 | Killed a dread lich
 54499 | Vaults:5 | Reached XP level 24. HP: 164/164 MP: 39/39
 54511 | Vaults:5 | Noticed an ancient lich
 54523 | Vaults:5 | Identified the amulet of the Magpie {Spirit rCorr}
 54539 | Vaults:5 | Killed an ancient lich
 54540 | Vaults:5 | Reached skill level 26 in Invocations
 54974 | Vaults:5 | Identified the +2 shortbow of Vyol {vorpal, rElec Int-2
                  | Dex-4 SInv}
 55440 | Vaults:5 | Noticed an ancient lich
 55452 | Vaults:5 | Killed an ancient lich
 55735 | Vaults:5 | Got a silver rune of Zot
 55736 | Vaults:5 | Identified the ring "Qyeceun" {rElec rN+ Str+6}
 55924 | Vaults:5 | Killed an ancient lich
 56195 | D:15     | Found a staircase to the Depths.
 56318 | Depths:1 | Entered Level 1 of the Depths
 56785 | Depths:1 | Identified the ring of Pantheism {+Blink rF+ rN+ MP+9
                  | Stlth-}
 57042 | Depths:1 | You are sucked into a shaft and drop 1 floor!
 57102 | Depths:2 | Found a gateway to Hell.
 57210 | Depths:2 | Found a one-way gate to the infinite horrors of the Abyss.
 57221 | Depths:1 | Found Upaso's Book Boutique.
 57221 | Depths:1 | Found Cuikkiru's Magic Scroll Shop.
 57221 | Depths:1 | Found Laiggipty's Armour Boutique.
 57221 | Depths:1 | Found Bolos's Antique Weapon Shop.
 57226 | Depths:1 | Bought a scroll of teleportation for 42 gold pieces
 57226 | Depths:1 | Bought a scroll of enchant weapon for 105 gold pieces
 57226 | Depths:1 | Bought a scroll of blinking for 105 gold pieces
 57226 | Depths:1 | Bought a scroll of teleportation for 42 gold pieces
 57226 | Depths:1 | Bought a scroll of poison for 56 gold pieces
 57226 | Depths:1 | Bought a scroll of teleportation for 42 gold pieces
 57733 | Depths:1 | Paralysed by a floating eye for 4 turns
 57740 | Depths:1 | Paralysed by a floating eye for 2 turns
 57753 | Depths:1 | Identified the ring "Mullih" {EV+4 Int+5}
 57973 | Depths:2 | Found a one-way gate leading to the halls of Pandemonium.
 58008 | Depths:2 | Identified a scroll of acquirement
 58016 | Depths:2 | Acquired a manual of Shields
 58155 | Depths:2 | Found a glowing golden altar of the Shining One.
 58233 | Depths:2 | Found a runed translucent door.
 58238 | Depths:2 | Noticed topfpfpflanze's ghost (veteran OgCj)
 58255 | Depths:2 | Killed topfpfpflanze's ghost
 58256 | Depths:2 | Reached XP level 25. HP: 172/172 MP: 40/40
 58351 | Depths:2 | Found a sacrificial altar of Ru.
 58666 | Depths:3 | Reached skill level 27 in Invocations
 59295 | Depths:3 | Identified the +1 kite shield of Ignis's Brutal Revenge
                  | {rElec rPois Str+2}
 60268 | Depths:3 | Noticed a juggernaut
 60288 | Depths:3 | Killed a juggernaut
 60352 | Depths:3 | Noticed a juggernaut
 60375 | Depths:3 | Killed a juggernaut
 60509 | Depths:3 | Got Pehiotzoi's Disquisition on Direction and Accomplices
 60511 | Depths:3 | Got the Volume of United Hurting
 60570 | Depths:3 | Found a one-way gateway to a ziggurat.
 60704 | Depths:4 | Entered Level 4 of the Depths
 61299 | Depths:4 | Paralysed by a floating eye for 4 turns
 61361 | Depths:4 | Found a gate to the Realm of Zot.
 61455 | Depths:4 | Reached XP level 26. HP: 180/180 MP: 40/40
 61544 | Depths:4 | Identified the +0 scale mail of the Hidden Vale {Str+5}
 61678 | Depths:4 | Found a radiant altar of Vehumet.
 61791 | Depths:4 | Learned a level 2 spell: Blink
 61827 | Zot:1    | Entered Level 1 of the Realm of Zot
 61839 | Zot:1    | Reached skill level 1 in Translocations
 62286 | Zot:1    | Found a runed translucent gate.
 62286 | Zot:1    | Found a runed translucent gate.
 62287 | Zot:1    | Found a runed translucent gate.
 62287 | Zot:1    | Noticed an orb of fire
 62433 | Zot:1    | Noticed Decrayps's ghost (veteran FeEn)
 62663 | Zot:1    | Learned a level 1 spell: Apportation
 63192 | Tomb:2   | Reached skill level 5 in Translocations
 63195 | Tomb:2   | Noticed a royal mummy
 63195 | Tomb:2   | Noticed a royal mummy
 63196 | Tomb:2   | Noticed a royal mummy
 63196 | Tomb:2   | Noticed a royal mummy
 63199 | Tomb:2   | Noticed a royal mummy
 63214 | Tomb:1   | Killed a royal mummy
 63779 | Hell     | Entered the Vestibule of Hell
 63824 | Hell     | Found a gateway to the freezing wastes of Cocytus.
 63989 | Hell     | Noticed Murray
 63995 | Hell     | Noticed Geryon
 64010 | Hell     | Killed Murray
 64031 | Hell     | Killed Geryon
 64170 | Hell     | Found a gateway to the ashen valley of Gehenna.
 64265 | Hell     | Found a gateway to the decaying netherworld of Tartarus.
 64424 | Hell     | Learned a level 3 spell: Lesser Beckoning
 64470 | Hell     | Reached skill level 1 in Spellcasting
 64578 | Hell     | Found a gateway to the Iron City of Dis.
 64622 | Geh:1    | Entered Level 1 of Gehenna
 64755 | Geh:1    | Found a runed translucent gate.
 64755 | Geh:1    | Found a runed translucent gate.
 64755 | Geh:1    | Found a runed translucent gate.
 64865 | Geh:1    | Found a runed translucent gate.
 64865 | Geh:1    | Found a runed translucent gate.
 64866 | Geh:1    | Found a runed translucent gate.
 64867 | Geh:1    | Found a runed translucent gate.
 64867 | Geh:1    | Found a runed translucent gate.
 64873 | Geh:1    | Found a runed translucent gate.
 64873 | Geh:1    | Found a runed translucent gate.
 64873 | Geh:1    | Found a runed translucent gate.
 64873 | Geh:1    | Found a runed translucent gate.
 65489 | Geh:3    | Noticed an ancient lich
 65493 | Geh:3    | Killed an ancient lich
 65500 | Geh:3    | Reached skill level 5 in Spellcasting
 65516 | Geh:3    | You are sucked into a shaft and drop 1 floor!
 65648 | Geh:4    | Reached skill level 10 in Translocations
 65660 | Geh:4    | Learned a level 5 spell: Manifold Assault
 66156 | Geh:6    | Reached XP level 27. HP: 186/186 MP: 40/40
 66164 | Geh:6    | Learned a level 3 spell: Ignite Poison
 66245 | Geh:6    | Reached skill level 1 in Fire Magic
 66245 | Geh:6    | Reached skill level 1 in Poison Magic
 66250 | Geh:6    | Reached skill level 1 in Transmutations
 66425 | Geh:7    | Entered Level 7 of Gehenna
 66859 | Geh:7    | Found the +8 Vampire's Tooth {vamp}
 66999 | Geh:7    | Found the +7 sceptre of Asmodeus
 66999 | Geh:7    | Noticed Asmodeus
 67010 | Geh:7    | Reached skill level 5 in Fire Magic
 67030 | Geh:7    | Killed Asmodeus
 67031 | Geh:7    | Reached skill level 5 in Poison Magic
 67052 | Geh:7    | Got an obsidian rune of Zot
 67140 | Geh:7    | Identified the +5 chain mail of Optimism {MP+9 Int+2}
 67189 | Geh:7    | Identified the +4 dagger "Miss" {flame, *Rage Str+6 Dex-5}
 67190 | Geh:7    | Identified the +5 scale mail "Fanitos" {Contam rN++ Regen+
                  | rCorr}
 67348 | Geh:7    | Reached skill level 5 in Transmutations
 67793 | Tar:1    | Entered Level 1 of Tartarus
 68029 | Tar:1    | Noticed a dread lich
 68033 | Tar:1    | Paralysed by a dread lich for 4 turns
 68042 | Tar:1    | Killed a dread lich
 70178 | Tar:7    | Entered Level 7 of Tartarus
 70503 | Tar:7    | Reached skill level 10 in Transmutations
 70771 | Tar:7    | Reached skill level 10 in Fire Magic
 70805 | Tar:7    | Reached skill level 10 in Poison Magic
 71406 | Tar:7    | Identified the +1 crystal plate armour of Agnosticism
                  | {-Tele Harm rElec rPois rF+ Stlth+}
 71555 | Tar:7    | Learned a level 2 spell: Wereblood
 71563 | Tar:7    | Noticed Ereshkigal
 71588 | Tar:7    | Killed Ereshkigal
 71633 | Tar:7    | Identified the +4 hand axe of Somewhere Else {venom, +Blink
                  | rPois}
 71638 | Tar:7    | Got a bone rune of Zot
 71642 | Tar:7    | Identified the +3 ring mail of Xom, Bursting {Rampage rC+}
 72511 | Tar:7    | Found the +2 Maxwell's thermic engine {flame, freeze}
 73199 | Tomb:2   | Killed a royal mummy
 73199 | Tomb:2   | Killed a royal mummy
 73202 | Tomb:2   | Killed a royal mummy
 73203 | Tomb:2   | Killed a royal mummy
 73763 | Tomb:3   | Entered Level 3 of the Tomb of the Ancients
 73769 | Tomb:3   | Noticed a royal mummy
 73769 | Tomb:3   | Identified a ring of Kiutauru {rPois rN++ Will+ rCorr
                  | Str-2}
 73770 | Tomb:3   | Noticed a royal mummy
 73775 | Tomb:3   | Killed a royal mummy
 73775 | Tomb:3   | Noticed a royal mummy
 73778 | Tomb:3   | Killed a royal mummy
 73778 | Tomb:3   | Was placed under penance by the Shining One
 73780 | Tomb:3   | Noticed a royal mummy
 73811 | Tomb:3   | HP: 8/186 [bennu (13)]
 73812 | Tomb:3   | The Shining One protects you from harm!
 73812 | Tomb:3   | Slain by a bennu

Illustrated notes

Levels and vault maps discovered:
D:1:      ldierk_walled_garden_2, layout_basic, due_unseen_surprise
D:2:      layout_basic
D:3:      layout_basic, minmay_joined_circles
D:4:      layout_basic, uniq_duvessa
D:5:      layout_loops_ring, minmay_temple_entry_waves
D:6:      layout_cave_pools, nicolae_overflow_hallway_of_the_gods
D:7:      layout_basic, serial_shops, nicolae_shop_stone, kennysheep_mini_moat
D:8:      layout_rooms, okawaru_altar_gauntlet_db, lair_entry_dummy,
          uniq_maurice
D:9:      layout_loops_ring, orc_0_dummy, serial_shops, nicolae_stop_n_shop_2,
          nicolae_shop_statue_plus, ebering_ghost_inner_flame, nicolae_wwwww
D:10:     layout_stronghold
D:11:     statuecave_lemuel, layout_long_grid, uniq_gastronok, uniq_nergalle
D:12:     regret_index_wax_grids, layout_basic
D:13:     layout_basic, david_vaults_2, serial_shops, nicolae_shop_behind_doors,
          drop_trap
D:14:     layout_irregular_city, portal_ice_cave_entry_ice_simulacra,
          grunt_tough_drop
D:15:     gammafunk_enter_depths_forms, layout_irregular_city,
          nicolae_dithmenos_shadow_blocks, serial_shops, shop,
          reono_crystal_passage, minivault_16
Temple:   eino_temple_water
Lair:1:   layout_gridlike, grunt_megastairs_1
Lair:2:   layout_chaotic_city, nicolae_swamp_entry_splash_gauntlet,
          serial_bayou, serial_bayou_shore_b, serial_bayou_pond_e,
          serial_bayou_lagoon_a, serial_bayou_lagoon_b, wad_woods_road_05,
          uniq_fannar
Lair:3:   layout_roguey, spider_nest_entry_rubble, amcnicky_mini_pool_medium,
          grunt_megastairs_3, lemuel_fruit_fields
Lair:4:   layout_cave_pods, slime_entry_1, st_stairs_8,
          grunt_forest_stairs_clearing
Lair:5:   due_jungle_book, layout_misc_corridors
Swamp:1:  layout_falls_marsh, nicolae_swamp_some_circles, swamp_pool3
Swamp:2:  layout_basic_swamp, evilmike_swamp_ruin_house_5
Swamp:3:  layout_basic_swamp, nicolae_swamp_big_swirl, nzn_swamp_dancing_lights,
          uniq_roxanne, uniq_donald
Swamp:4:  grunt_swamp_rune_castle, layout_basic_swamp,
          nicolae_swamp_little_swirl, uniq_aizul
Spider:1: layout_spider_delve, uniq_azrael
Spider:2: layout_spider_delve
Spider:3: layout_spider_delve, uniq_arachne, uniq_mlioglotl, uniq_nikola
Spider:4: grunt_spider_rune_circles, guppyfry_spider_mini_2
Slime:1:  layout_caves
Slime:2:  layout_caves
Slime:3:  layout_caves, nicolae_slime_barrier
Slime:4:  layout_caves, cheibrodos_slime_lost_civilization_4
Slime:5
Orc:1:    layout_diamond_mine, uniq_harold
Orc:2:    grunt_orc_tribal_feast, layout_caves,
          gammafunk_ghost_wrathful_warriors, nicolae_orc_rockfall,
          small_statue_alley_c, guppyfry_orc_lava_fort, uniq_josephine,
          uniq_urug
Vaults:1: ontoclasm_vaults_pinch, vaults_room_fancy_cross, vaults_room_pools,
          nicolae_vaults_asterisk, nicolae_vaults_holding_cells,
          nicolae_vaults_alarming, ontoclasm_vaults_eye, vaults_dpeg_ring,
          layout_vaults_quadrants, serial_shops, shop, uniq_saint_roka
Vaults:2: minmay_crypt_entry_vampire_xt, v_rooms_5, v_misc_33, v_misc_1,
          v_misc_26, st_smaller_cells, nicolae_vaults_sealed_display,
          hangedman_vaults_stream, ontoclasm_vaults_twist,
          nicolae_vaults_circle_grid_b, v_misc_15, layout_vaults_ring,
          serial_shops, statue_bzr
Vaults:3: nicolae_vaults_shelves_hall, v_misc_4, ontoclasm_vaults_ring_large,
          v_alt_pattern_5, ontoclasm_vaults_gateway, v_misc_31,
          nicolae_vaults_diagonal_hallway_9, layout_vaults_maze_bifur,
          serial_shops, nicolae_square_shop, uniq_mara
Vaults:4: v_pattern_2, nicolae_vaults_network_barrier, grunt_vaults_swirl,
          vaults_mumra_hexcomb, v_misc_14, ontoclasm_vaults_shuriken,
          nicolae_vaults_display_case, vaults_room_door_ring,
          layout_vaults_chaotic_city, serial_shops, shop_fountains,
          nicolae_shop_bloodbath_and_beyond
Vaults:5: serial_shops
Crypt:1:  layout_rooms, hangedman_feature_mirror, grunt_crypt_arrival_split
Crypt:2:  minmay_guarded_unrand_majin_bo, layout_basic
Crypt:3:  due_elkab, layout_chaotic_city, corexii_leaking_fountain
Tomb:1:   uniq_mennas
Tomb:2
Tomb:3
Depths:1: layout_cave_shapes, hellmouth_1, hangedman_abyss_entry_splay,
          drop_trap, hangedman_eye_storm, grunt_megastairs_2, minmay_shoptagon
Depths:2: abrahamwl_protected_by_tso_2, layout_cross, gammafunk_ghost_grave,
          abyss_entry, hangedman_coc_ice_floe, nicolae_ru_the_path_less_chosen,
          rand_demon_pan_entry_3
Depths:3: box_level_dp, abyss_entry, hell_entry
Depths:4: grunt_twist_and_shout, layout_cave_pools, abyss_entry, hell_entry,
          nicolae_vehumet_radiance
Hell
Geh:1:    layout_gehenna_lava_caves, nicolae_geh_backdraft
Geh:2:    layout_gehenna_pools_triple
Geh:3:    layout_gehenna_pools_basic
Geh:4:    layout_gehenna_lava_caves
Geh:5:    layout_gehenna_lava_caves
Geh:6:    layout_gehenna_pools_basic, nicolae_geh_niches_of_the_damned
Geh:7:    geh_grunt
Tar:1:    layout_catacombs
Tar:2:    layout_cathedral_of_symmetry
Tar:3:    layout_catacombs
Tar:4:    layout_grid_maze, nicolae_tar_cuneiform_heaven
Tar:5:    layout_cathedral_of_symmetry
Tar:6:    layout_cathedral_of_symmetry
Tar:7:    tar_minmay_river
Zot:1:    layout_misc_corridors, gammafunk_ghost_split

Skill      XL: |  1  2  3  4  5  6  7  8  9 10 11 12 13 14 15 16 17 18 19 20 21 22 23 24 25 26 27 |
---------------+----------------------------------------------------------------------------------+-----
Fighting       | 4 5 6 7 9 10 11 12 13 14 15 17 18 19 20 21 22 | 22.8
Maces & Flails | 3 4 5 6 7 9 10 11 12 13 14 15 16 17 | 17.3
Armour         | 4 5 6 8 10 12 13 | 13.5
Invocations    | 1 4 6 8 10 11 12 15 19 20 21 22 23 24 25 26 27 | 27.0
Shields        | 5 6 8 10 11 12 14 16 17 21 | 21.5
Evocations     | 3 4 8 10 12 14 | 14.3
Dodging        | 3 4 5 7 8 9 |  9.9
Translocations | 10 | 10.9
Spellcasting   | 7 |  7.1
Fire Magic     | 12 | 12.6
Poison Magic   | 12 | 12.6
Transmutations | 12 | 12.7

Action                   |  1- 3 |  4- 6 |  7- 9 | 10-12 | 13-15 | 16-18 | 19-21 | 22-24 | 25-27 || total
-------------------------+-------+-------+-------+-------+-------+-------+-------+-------+-------++-------
Melee: Flail             |    88 |   209 |   310 |   507 |  1450 |  2063 |       |       |       ||  4627
       Morningstar       |       |       |       |       |       |   101 |  1671 |  2153 |   950 ||  4875
       Sacred scourge    |       |       |       |       |       |       |       |       |  2334 ||  2334
 Cast: Blink             |       |       |       |       |       |       |       |       |     8 ||     8
       Manifold Assault  |       |       |       |       |       |       |       |       |     5 ||     5
       Ignite Poison     |       |       |       |       |       |       |       |       |     4 ||     4
       Lesser Beckoning  |       |       |       |       |       |       |       |       |     4 ||     4
       Wereblood         |       |       |       |       |       |       |       |       |     1 ||     1
Invok: Divine Shield     |       |       |       |     9 |    19 |    19 |    11 |    15 |    27 ||   100
       Cleansing Flame   |       |       |       |       |    10 |    26 |    16 |    17 |    45 ||   114
       Summon Divine War |       |       |       |       |       |     3 |     1 |     1 |     4 ||     9
       Brand Weapon With |       |       |       |       |       |       |       |     1 |       ||     1
Evoke: Wand              |       |     1 |       |    15 |    39 |    21 |     1 |     8 |     1 ||    86
  Use: Scroll            |       |    10 |    10 |     9 |    14 |    23 |     3 |     8 |    25 ||   102
       Potion            |       |     1 |     3 |     1 |     9 |    26 |     2 |     4 |    25 ||    71
Armor: Scale mail        |    44 |    92 |   252 |   309 |   711 |       |       |       |       ||  1408
       Leather armour    |       |    14 |       |       |       |       |       |       |       ||    14
       Chain mail        |       |       |       |       |   250 |  1452 |  1098 |   950 |   400 ||  4150
       Skin              |       |       |       |       |       |    22 |       |       |       ||    22
       Fire dragon scale |       |       |       |       |       |       |       |       |   916 ||   916
Dodge: Dodged            |    38 |    96 |   150 |   142 |   491 |   960 |   876 |   964 |  1141 ||  4858
       Repelled          |       |       |       |       |       |       |     7 |    19 |    20 ||    46
Block: Buckler           |    14 |    30 |    47 |    44 |       |       |       |       |       ||   135
       Tower shield      |       |       |       |   361 |  1593 |  2387 |  2098 |  2659 |  3465 || 12563
